 Dungeon Crawl Stone Soup version 0.28-a0-863-g8cecda6153 (webtiles) character file.

Game seed: 13526962240978291977

30 ytrimaz the Shield-Bearer (level 3, 0/29 HPs)
             Began as a Formicid Fighter on Nov 17, 2021.
             Splashed by a jelly's acid (8 damage)
             ... on level 3 of the Dungeon.
             The game lasted 00:01:10 (1099 turns).

ytrimaz the Shield-Bearer (Formicid Fighter)        Turns: 1099, Time: 00:01:10

Health: 0/29       AC: -5    Str: 21    XL:     3   Next: 37%
Magic:  3/3        EV:  9    Int:  7    God:
Gold:   83         SH:  5    Dex: 10    Spells: 2/2 levels left

rFire   . . .      SeeInvis +   a - +0 war axe
rCold   . . .      Faith    .   c - +1 buckler
rNeg    . . .      Spirit   .   b - +0 scale mail
rPois   .          Reflect  .   (helmet unavailable)
rElec   .          Harm     .   (no cloak)
rCorr   .          Rampage  .   (no gloves)
Will    .....                   (no boots)
Stlth   ..........              (no amulet)
HPRegen 0.09/turn               i - ring of flight
MPRegen 0.08/turn               (no ring)

@: corroded, flying
A: permanent stasis, dig shafts and tunnels, antennae 3, four strong arms
a: Dig, Shaft Self


You were on level 3 of the Dungeon.
You visited 1 branch of the dungeon, and saw 3 of its levels.

You collected 83 gold pieces.

Inventory:

Hand Weapons
 a - a +0 war axe (weapon)
Missiles
 k - 5 boomerangs (quivered)
Armour
 b - a +0 scale mail (worn)
 c - a +1 buckler (worn)
Jewellery
 i - a ring of flight (left hand)
Scrolls
 e - a scroll of enchant weapon {unknown}
 g - a scroll of magic mapping
Potions
 d - 2 potions of might
 j - 2 potions of ambrosia {unknown}
 l - a potion of heal wounds {unknown}


   Skills:
 + Level 3.6 Fighting
 * Level 2.6 Axes
 + Level 3.6 Armour
 + Level 4.0 Shields


You had 2 spell levels left.
You didn't know any spells.
Your spell library was empty.

Dungeon Overview and Level Annotations

Branches:
Dungeon (3/15)

Altars:
Xom


Innate Abilities, Weirdness & Mutations

You cannot be hasted, slowed, berserked, paralysed or teleported.
You can dig through walls and to a lower floor.
You have a pair of large antennae on your head. (SInv)
Your four strong arms can wield two-handed weapons with a shield.


Message History

Suddenly, the walls become transparent!
You reach down and open the door.
An iguana comes into view.
The iguana hisses angrily.
An iguana is nearby!
An iguana is nearby!
You hit the iguana but do no damage.
The iguana bites you but does no damage.
You barely miss the iguana. The iguana barely misses you.
You slash the iguana!
You kill the iguana!
No target in view!
No target in view!
No target in view!
There is an open door, spattered with blood here.
You reach down and open the door.
Found a shimmering altar of Xom.
There is an open door here.
You reach down and open the door.
A jelly comes into view.
The jelly quivers.
A jelly is nearby!
You slash the jelly!
Your hands burn!
The jelly is heavily wounded.
The jelly hits you. The acid corrodes you!
You are splashed with acid!
You are too injured to fight recklessly!
You are too injured to fight recklessly!
You are too injured to fight recklessly!
You are too injured to fight recklessly!
You are too injured to fight recklessly!
You are too injured to fight recklessly!
You are too injured to fight recklessly!
You are too injured to fight recklessly!
You are too injured to fight recklessly!
You hit the jelly. The acid corrodes you!
Your hands burn!
The jelly is almost dead.
The jelly hits you.
* * * LOW HITPOINT WARNING * * *
The acid corrodes you!
You are splashed with acid!
You die...

#######
#########
###.....###
##..._...## {
#...@...#
#'##J##+# #.##.#
{ ##'##+##+#
#.........
##+##.........
##.............
##.....#########
##.......##


You could see a jelly.

Vanquished Creatures
  A dart slug (D:1)
  4 ball pythons (D:1)
  3 endoplasms (D:1)
  A giant cockroach (D:1)
  2 goblins (D:2)
  2 hobgoblins (D:1)
  An iguana (D:3)
  3 jackals (D:1)
  2 kobolds
  A bat (D:1)
  A frilled lizard (D:1)
  3 rats (D:1)
24 creatures vanquished.

Notes
Turn   | Place    | Note
-------+----------+-------------------------------------------
     0 | D:1      | ytrimaz the Formicid Fighter began the quest for the Orb.
     0 | D:1      | Reached XP level 1. HP: 18/18 MP: 1/1
   283 | D:1      | Reached XP level 2. HP: 21/24 MP: 2/2
   444 | D:1      | Reached XP level 3. HP: 15/29 MP: 3/3
   749 | D:1      | Reached skill level 4 in Shields
  1092 | D:3      | Found a shimmering altar of Xom.
  1099 | D:3      | Splashed by a jelly's acid

Illustrated notes

Levels and vault maps discovered:
D:1:      tarquinn_simple_flora_water_f, layout_loops_cross
D:2:      layout_basic, minmay_pentomino_p4
D:3:      layout_loops_corners, dk_xom_monty_hall,
          hellmonk_ecumenical_altar_defaced_shrine

Skill      XL: |  1  2  3 |
---------------+----------+-----
Shields        | 4 |  4.0
Fighting       | |  3.6
Axes           | |  2.6
Armour         | |  3.6

Action                   || total
-------------------------++-------
Melee: War axe           ||    69
  Use: Scroll            ||     4
Armor: Scale mail        ||    27
Dodge: Dodged            ||    28
Block: Buckler           ||    24

Table legend: (Time is in decaauts)
 A = Elapsed time spent in this place.
 B = Non-inter-level travel time spent in this place.
 C = Inter-level travel time spent in this place.
 D = Time resting spent in this place.
 E = Time spent auto-exploring this place.
 F = Levels seen in this place.
 G = Mean time per level.
                   A        B        C        D        E       F      G
               +--------+--------+--------+--------+--------+-----+--------+
         Total |   1124 |   1088 |     36 |    185 |    701 |   3 |  374.7 |
       Dungeon |   1124 |   1088 |     36 |    185 |    701 |   3 |  374.7 |
               +--------+--------+--------+--------+--------+-----+--------+

Top non-repeatable levels by time:
     D:1: 963 daAuts
     D:2: 131 daAuts
     D:3: 29 daAuts
